 Dungeon Crawl Stone Soup version 0.27-a0-695-gb4952372f7 (webtiles) character file.

Game seed: 806737928294068094

503 rednaxela the Magician (level 6, -1/41 HPs)
             Began as a Mummy Necromancer on Mar 21, 2021.
             Shot with an arrow by a centaur (10 damage)
             ... on level 5 of the Dungeon.
             The game lasted 00:15:06 (4889 turns).

rednaxela the Magician (Mummy Necromancer)          Turns: 4889, Time: 00:15:06

Health: -1/41      AC:  2    Str: 11    XL:     6   Next: 96%
Magic:  10/16      EV: 12    Int: 22    God:
Gold:   94         SH:  0    Dex: 13    Spells: 15/19 levels left

rFire    x . .     SeeInvis .   i - +2 short sword (elec)
rCold    + . .     Faith    .   (no shield)
rNeg     + + +     Spirit   .   a - +0 robe
rPois    ∞         Reflect  .   (no helmet)
rElec    .         Harm     .   (no cloak)
rCorr    .         Rampage  .   (no gloves)
Will     .....                  (no boots)
Stlth    ++........             (no amulet)
HPRegen  0.13/turn              e - +6 ring of intelligence
MPRegen  0.15/turn              (no ring)

@: no status effects
A: cold resistance 1, negative energy resistance 3, torment resistance 2,
unbreathing 1, heat vulnerability 1, no potions
a: no special abilities


You were on level 5 of the Dungeon.
You visited 1 branch of the dungeon, and saw 5 of its levels.

You collected 94 gold pieces.

Inventory:

Hand Weapons
 i - a +2 short sword of electrocution (weapon)
   (You took it off an orc on level 2 of the Dungeon)
 j - a +0 broad axe
   (You found it on level 4 of the Dungeon)
Missiles
 b - 167 stones
 f - 12 poisoned darts
Armour
 a - a +0 robe (worn)
 d - a +0 leather armour
   (You found it on level 1 of the Dungeon)
Jewellery
 e - a +6 ring of intelligence (right hand)
   (You found it on level 1 of the Dungeon)
 h - a ring of flight
   (You took it off a gnoll on level 3 of the Dungeon)
Wands
 k - a wand of iceblast (8) {@v2}
   (You found it on level 4 of the Dungeon)
Scrolls
 c - a scroll of identify {unknown}
 g - a scroll of teleportation {unknown}


   Skills:
 - Level 1.5 Dodging
 - Level 1.5 Stealth
 + Level 7.1 Spellcasting
 + Level 6.3 Necromancy


You had 15 spell levels left.
You knew the following spells:

 Your Spells              Type           Power      Damage    Failure   Level
a - Pain                  Necr           100%       1d9       1%          1
b - Vampiric Draining     Necr           17%        2d8       1%          3

Your spell library contained the following spells:

 Spells                   Type           Power      Damage    Failure   Level
 Animate Skeleton         Necr           70%        N/A       1%          1
 Animate Dead             Necr           17%        N/A       6%          4
 Agony                    Necr           35%        N/A       17%         5


Dungeon Overview and Level Annotations

Branches:
Dungeon (5/15)
 Temple: D:4-7

Altars:
Trog

Annotations:
D:4 skipped, Sigmund


Innate Abilities, Weirdness & Mutations

You are immune to poison.
Your flesh is cold resistant. (rC+)
You are immune to negative energy. (rN+++)
You are immune to unholy pain and torment.
You can survive without breathing.
You are vulnerable to heat. (rF-)
You do not drink.


Message History

Confirm with . or Enter, or press ? or * to list all spells.
You can't see any susceptible monsters within range! (Use Z to cast anyway.) Magic restored.
Things that are here:
a +0 flail; a +0 leather armour An orc comes into view.
It is wielding a +0 flail.
The orc moves out of view.
An orc comes into view. It is wielding a +0 flail.
Casting: Pain (safe; 1% risk of failure)
Confirm with . or Enter, or press ? or * to list all spells.
Aiming: Pain (safe; 1% risk of failure)
Press: ? - help, Shift-Dir - straight line, f - orc
Aim: an orc, wielding a +0 flail and wearing a +0 chain mail (wandering, hasn't noticed you, chance to affect: 93%)
The orc writhes in agony.
The orc shouts!
Casting: Pain (safe; 1% risk of failure)
Confirm with . or Enter, or press ? or * to list all spells.
Aiming: Pain (safe; 1% risk of failure)
Press: ? - help, Shift-Dir - straight line, f/p - orc
Aim: an orc, wielding a +0 flail and wearing a +0 chain mail (severely wounded, chance to affect: 93%)
The orc writhes in agony.
You kill the orc!
An orc wizard comes into view. It is wielding a +0 dagger.
Casting: Pain (safe; 1% risk of failure)
Confirm with . or Enter, or press ? or * to list all spells.
Aiming: Pain (safe; 1% risk of failure)
Press: ? - help, Shift-Dir - straight line, f - orc
Aim: an orc, wielding a +0 flail and wearing a +0 ring mail (chance to affect: 93%)
The orc writhes in agony.
The orc wizard shouts!
Things that are here:
a +0 flail; a +0 leather armour
Casting: Pain (safe; 1% risk of failure)
Confirm with . or Enter, or press ? or * to list all spells.
Aiming: Pain (safe; 1% risk of failure)
Press: ? - help, Shift-Dir - straight line, f/p - orc
Aim: an orc, wielding a +0 flail and wearing a +0 ring mail (lightly wounded, chance to affect: 93%)
The orc writhes in agony.
Casting: Pain (safe; 1% risk of failure)
Confirm with . or Enter, or press ? or * to list all spells.
Aiming: Pain (safe; 1% risk of failure)
Press: ? - help, Shift-Dir - straight line, f/p - orc
Aim: an orc, wielding a +0 flail and wearing a +0 ring mail (almost dead, chance to affect: 93%)
The orc writhes in agony.
You kill the orc!
Things that are here:
a +0 flail; a +0 leather armour The orc wizard hits you with a +0 dagger.
Things that are here:
a +0 flail; a +0 ring mail; an orc corpse
Casting: Pain (safe; 1% risk of failure)
Confirm with . or Enter, or press ? or * to list all spells.
Aiming: Vampiric Draining (safe; 1% risk of failure)
Press: ? - help, Shift-Dir - straight line, f - orc wizard
Aim: an orc wizard, wielding a +0 dagger and wearing a +0 robe You draw life force from the orc wizard!
You feel life coursing into your body.
The orc wizard gestures at itself while chanting.
The orc wizard flickers and vanishes!
Deactivating autopickup; reactivate with Ctrl-A.
Casting: Vampiric Draining (safe; 1% risk of failure)
Confirm with . or Enter, or press ? or * to list all spells.
You can't see any susceptible monsters within range! (Use Z to cast anyway.)
You hear some strange, mumbled words.
A magic dart appears from out of thin air!
The magic dart hits you!
Casting: Vampiric Draining (safe; 1% risk of failure)
Confirm with . or Enter, or press ? or * to list all spells.
Aiming: Vampiric Draining (safe; 1% risk of failure)
Press: ? - help, Shift-Dir - straight line You draw life force from something!
Reactivating autopickup.
You feel a bit more experienced.
You feel life coursing into your body.
Things that are here:
a +0 dagger; a +0 robe; an orc corpse
Things that are here:
a +0 flail; a +0 ring mail; an orc corpse A centaur comes into view.
A centaur is nearby!
Things that are here:
a +0 flail; a +0 leather armour The centaur shouts!
The centaur wields a +0 shortbow.
The centaur shoots an arrow.
The arrow completely misses you.
Things that are here:
a +0 flail; a +0 ring mail; an orc corpse
Things that are here:
a +0 flail; a +0 leather armour The centaur shoots an arrow.
The arrow completely misses you.
The centaur shoots an arrow.
The arrow hits you.
Things that are here:
a +0 flail; a +0 leather armour The centaur shoots an arrow.
The arrow hits you!
* * * LOW HITPOINT WARNING * * *
Things that are here:
a +0 flail; a +0 ring mail; an orc corpse The centaur shoots an arrow.
The arrow hits you!
* * * LOW HITPOINT WARNING * * *
The centaur shoots an arrow.
The arrow hits you!
You die...

.# .#. ... ....
## #.##... #.
#....# #
#.##....+
...##.......#+#
..........c[...
.!.).......#
..######@..#
#.))..##
#.##### #.# #.#
#.# #.# #.# #.#


You could see a centaur.

Vanquished Creatures
  An ogre (D:4)
  6 orc wizards
  A worker ant (D:4)
  4 gnolls (D:3)
  7 adders
  3 oozes
  3 worms
  4 dart slugs
  7 leopard geckos
  15 orcs
  6 bats
  5 giant cockroaches
  8 goblins
  9 hobgoblins
  9 kobolds
  2 quokkas
  A ball python (D:1)
  A frilled lizard (D:1)
  A leopard gecko skeleton (D:4)
  8 rats
101 creatures vanquished.

Notes
Turn   | Place    | Note
-------+----------+-------------------------------------------
     0 | D:1      | rednaxela the Mummy Necromancer began the quest for the
                  | Orb.
     0 | D:1      | Reached XP level 1. HP: 13/13 MP: 4/4
    40 | D:1      | Reached skill level 3 in Spellcasting
   187 | D:1      | Reached XP level 2. HP: 19/19 MP: 0/6
   453 | D:1      | Reached skill level 4 in Spellcasting
   811 | D:1      | Reached XP level 3. HP: 24/24 MP: 6/8
   828 | D:1      | You fall into a shaft and drop 1 floor!
  1046 | D:1      | Learned a level 3 spell: Vampiric Draining
  1586 | D:2      | Reached XP level 4. HP: 30/30 MP: 5/10
  2308 | D:3      | Reached skill level 5 in Spellcasting
  2407 | D:3      | Found a bloodstained altar of Trog.
  2548 | D:3      | Reached skill level 5 in Necromancy
  2548 | D:3      | Reached XP level 5. HP: 35/35 MP: 5/12
  3599 | D:4      | Reached skill level 6 in Spellcasting
  3684 | D:4      | Reached XP level 6. HP: 41/41 MP: 9/15
  4628 | D:4      | Noticed Sigmund
  4639 | D:4      | Reached skill level 7 in Spellcasting
  4639 | D:4      | Reached skill level 6 in Necromancy
  4807 | D:5      | Entered Level 5 of the Dungeon
  4889 | D:5      | Shot with an arrow by a centaur

Illustrated notes

Levels and vault maps discovered:
D:1:      evilmike_arrival_plus, layout_loops_ring
D:2:      layout_loops_corners
D:3:      layout_basic, old_standard_altar
D:4:      layout_basic, tso_metal_star, uniq_sigmund
D:5:      layout_basic, lightli_temple_of_fire, serial_shops,
          kennysheep_mini_moat, uniq_duvessa, uniq_grinder

Skill      XL: |  1  2  3  4  5  6 |
---------------+-------------------+-----
Spellcasting   | 3 4 5 6 7 |  7.1
Necromancy     | 5 6 |  6.3
Dodging        | |  1.5
Stealth        | |  1.5

Action                   |  1- 3 |  4- 6 || total
-------------------------+-------+-------++-------
Melee: Long sword        |     3 |       ||     3
       Short sword       |       |    10 ||    10
 Cast: Pain              |    71 |   135 ||   206
       Vampiric Draining |       |    12 ||    12
Armor: Robe              |     3 |     2 ||     5
Dodge: Dodged            |     9 |    23 ||    32
       Rpst.: Long sword |     1 |     2 ||     3

Table legend: (Time is in decaauts)
 A = Elapsed time spent in this place.
 B = Non-inter-level travel time spent in this place.
 C = Inter-level travel time spent in this place.
 D = Time resting spent in this place.
 E = Time spent auto-exploring this place.
 F = Levels seen in this place.
 G = Mean time per level.
                   A        B        C        D        E       F      G
               +--------+--------+--------+--------+--------+-----+--------+
         Total |   4894 |   4816 |     78 |    642 |   3117 |   5 |  978.8 |
       Dungeon |   4894 |   4816 |     78 |    642 |   3117 |   5 |  978.8 |
               +--------+--------+--------+--------+--------+-----+--------+

Top non-repeatable levels by time:
     D:3: 2086 daAuts
     D:2: 1134 daAuts
     D:1: 1055 daAuts
     D:4: 536 daAuts
     D:5: 81 daAuts
